Map: Pillars of Gold LE

Players

ZeroCross

  • Race: Zerg Zerg
  • League: Bronze
  • Spawn Location: 7:00

redbusman - Winner!

  • Race: Terran Terran
  • League: Silver
  • Spawn Location: 1:00

VOD

Have the link to the VOD?

Description

Time

  • Played on: July 26, 2020, 8:20 p.m.
  • Length: 16:27
Show
View Real Time Build Order
Export as new Build Order

ZeroCross Zerg 

Build Orders: Pool First 

Get SALT Encoding   

  12  0:24  Spawning Pool  
  12  0:27  Drone  
  12  0:28  Drone  
  13  0:42  Overlord  
  13  0:57  Drone  
  13  1:03  Drone  
  15  1:12  Queen  
  15  1:15  Drone x2  
  19  1:31  Hatchery  
  18  1:39  Drone x2  
  20  1:47  Queen  
  22  1:55  Overlord  
  22  2:11  Extractor  
  22  2:15  Zergling x4  
  23  2:31  Queen  
  23  2:36  Drone x2  
  27  2:38  Zergling x2  
  27  2:39  Zergling x2  
  29  2:54  Drone  
  30  2:59  Queen  
  30  3:03  Overlord  
  32  3:06  Zergling x2  
  33  3:23  Drone x2  
  33  3:24  Drone  
  36  3:44  Roach Warren  
  35  3:53  Drone  
  35  3:54  Drone x4  
  40  4:00  Extractor  
  40  4:02  Drone x2  
  41  4:03  Overlord  
  41  4:05  Zergling x2  
  41  4:06  Zergling x4  
  44  4:12  Roach Warren  
  43  4:22  Overlord  
  43  4:23  Drone x3  
  43  4:24  Drone  
  47  4:32  Baneling Nest  
  46  4:39  Drone x2  
  46  4:40  Drone, Overlord  
  49  4:49  Lair  
  49  4:54  Queen  
  51  5:03  Metabolic Boost  
  51  5:13  Zergling x8  
  51  5:14  Zergling x2  
  56  5:22  Drone x3  
  59  5:48  Hatchery  
  59  5:49  Extractor  
  57  5:52  Extractor  
  57  5:54  Drone x5  
  61  5:58  Baneling x4  
  61  5:59  Baneling x2  
  61  6:00  Baneling x2  
  61  6:03  Roach x2  
  61  6:04  Roach, Overlord  
  67  6:05  Zergling x2  
  67  6:07  Overlord  
  68  6:15  Glial Reconstitution  
  68  6:41  Zergling x6  
  68  6:42  Zergling x4  
  68  6:43  Spire  
  72  6:50  Drone x3  
  75  7:20  Evolution Chamber  
  73  7:23  Overseer x2  
  73  7:28  Overseer  
  73  7:40  Evolution Chamber  
  72  7:46  Zerg Missile Weapons Level 1  
  72  7:58  Hydralisk Den  
  71  8:08  Overlord x2  
  71  8:10  Mutalisk x4  
  71  8:11  Mutalisk  
  81  8:45  Zerg Ground Armor Level 1  
  81  8:55  Mutalisk x4  
  89  9:07  Drone x3  
  89  9:08  Drone x3  
  95  9:39  Hatchery  
  94  9:53  Zerg Missile Weapons Level 2  
  94  9:58  Zerg Flyer Armor Level 1, Infestation Pit  
  93  10:00  Centrifical Hooks  
  93  10:05  Tunneling Claws  
  93  10:16  Extractor  
  93  10:19  Drone  
  93  10:20  Drone x7  
  100  10:25  Extractor  
  99  10:30  Hatchery  
  99  10:34  Overlord  
  99  10:35  Overlord x3  
  98  10:37  Corruptor x3  
  104  10:47  Overseer x2  
  104  10:58  Overseer x2  
  104  11:21  Drone x2  
  104  11:22  Drone x4  
  110  11:37  Overlord  
  110  11:38  Overlord  
  110  11:42  Corruptor x4  
  110  11:43  Corruptor  
  110  11:46  Hive  
  120  11:49  Corruptor  
  120  11:52  Zerg Flyer Weapons Level 1  
  122  12:01  Zerg Ground Armor Level 2  
  92  12:44  Drone  
  92  12:47  Zergling x6  
  92  12:48  Zergling x14  
  92  12:49  Zergling x2  
  104  13:08  Roach  
  104  13:09  Roach x2  
  110  13:18  Roach x2  
  114  13:23  Roach x3  
  114  13:24  Hydralisk x2, Roach x5  
  114  13:25  Hydralisk x4  
  114  13:26  Hydralisk  
  144  13:29  Zergling x6  
  147  13:50  Greater Spire  
  149  14:21  Overlord x2  
  149  14:30  Baneling x4  
  149  14:31  Baneling x6  
  149  14:32  Baneling x3  
  149  14:34  Baneling  
  69  14:59  Zergling x12  
  72  15:00  Zergling x4  
  72  15:03  Zergling x10  
  72  15:04  Zergling x2  
  79  15:08  Zergling x6  
  53  15:29  Baneling x5  
  53  15:30  Baneling x7  
  53  15:31  Baneling x4  
Show
View Real Time Build Order
Export as new Build Order

redbusman Terran - Winner!

Build Orders:  

Get SALT Encoding   

  12  0:01  SCV  
  13  0:13  SCV  
  14  0:20  Supply Depot  
  14  0:33  SCV  
  15  0:44  Barracks  
  15  0:46  SCV  
  16  0:57  Supply Depot  
  16  0:58  SCV  
  17  1:10  SCV  
  18  1:12  Refinery  
  18  1:15  Refinery  
  18  1:22  SCV  
  19  1:34  SCV  
  20  1:48  Command Center  
  20  1:54  Barracks Reactor  
  20  2:02  Orbital Command  
  20  2:27  Bunker  
  20  2:30  SCV  
  20  2:33  Marine  
  20  2:36  Marine  
  23  2:43  SCV  
  24  2:55  Factory, SCV  
  25  3:02  Supply Depot  
  25  3:07  Marine x2, SCV  
  28  3:17  Orbital Command  
  28  3:20  SCV  
  28  3:26  Marine  
  30  3:28  Marine  
  31  3:38  Supply Depot  
  31  3:43  Factory Tech Lab  
  31  3:45  Marine x2  
  33  3:57  SCV  
  34  4:03  Marine  
  34  4:07  Siege Tank  
  34  4:09  SCV  
  39  4:14  SCV  
  40  4:22  SCV  
  40  4:24  Supply Depot  
  41  4:26  SCV  
  41  4:31  Marine x2  
  42  4:34  SCV  
  42  4:38  SCV  
  46  4:39  Engineering Bay  
  46  4:47  Supply Depot  
  46  4:49  Marine x2  
  46  4:50  SCV  
  49  4:56  SCV  
  50  5:00  Refinery  
  50  5:06  Marine  
  50  5:07  Marine  
  51  5:08  SCV  
  53  5:15  Supply Depot  
  53  5:17  Supply Depot x2  
  53  5:20  SCV  
  54  5:21  Supply Depot  
  54  5:24  Terran Infantry Weapons Level 1, Marine x2  
  56  5:30  Starport, SCV  
  56  5:32  SCV  
  58  5:42  Marine x2, SCV  
  60  5:44  SCV  
  62  5:54  SCV  
  63  6:13  Command Center  
  63  6:23  Marine x2  
  65  6:27  Medivac  
  65  6:30  SCV  
  65  6:32  SCV  
  69  6:41  Marine x2  
  69  6:42  SCV, Barracks  
  69  6:43  Barracks  
  69  6:44  SCV  
  73  6:54  Command Center, SCV  
  73  6:56  Medivac  
  73  6:57  SCV  
  73  6:58  Marine  
  73  6:59  Marine  
  79  7:06  SCV  
  80  7:09  SCV  
  81  7:15  Engineering Bay  
  81  7:16  Marine x2  
  81  7:18  SCV  
  81  7:21  SCV  
  84  7:26  Medivac  
  84  7:27  Factory Tech Lab  
  86  7:34  Barracks Tech Lab  
  86  7:42  Fusion Core  
  86  7:48  Planetary Fortress  
  86  7:52  Missile Turret  
  86  7:56  Medivac  
  88  7:58  Refinery, Combat Shield  
  88  8:00  Stimpack, Refinery  
  88  8:06  Marine  
  88  8:07  Marine x3  
  88  8:10  Hellion  
  94  8:24  Marine x2  
  94  8:25  Marine x2  
  94  8:26  Medivac  
  100  8:31  Hellion  
  102  8:36  Planetary Fortress  
  102  8:39  Missile Turret  
  102  8:42  Marine x3  
  102  8:43  Marine  
  102  8:45  SCV x2  
  108  8:53  Hellion  
  110  8:56  Medivac  
  110  8:57  SCV x2  
  110  8:59  Missile Turret  
  110  9:00  Refinery, Marine x4  
  118  9:07  Missile Turret  
  118  9:09  SCV x2  
  120  9:13  Supply Depot  
  120  9:14  Hellion  
  120  9:15  Supply Depot x2  
  120  9:16  Supply Depot  
  122  9:18  Marine x4, SCV  
  122  9:21  SCV  
  122  9:22  SCV  
  122  9:23  Terran Infantry Armor Level 1  
  129  9:25  Hi-Sec Auto Tracking  
  129  9:26  Medivac  
  129  9:27  Missile Turret  
  129  9:30  SCV  
  132  9:33  SCV  
  132  9:34  SCV  
  132  9:36  Marine x2, Hellion  
  137  9:42  SCV  
  137  9:43  Missile Turret x2  
  138  9:46  Missile Turret x2  
  138  9:50  SCV  
  139  9:55  SCV, Missile Turret  
  139  9:56  Medivac, Missile Turret  
  139  9:57  Missile Turret  
  139  9:58  Missile Turret  
  139  9:59  Missile Turret  
  142  10:01  Missile Turret  
  142  10:02  SCV  
  142  10:05  Missile Turret x2  
  144  10:07  SCV, Missile Turret x2  
  144  10:08  Missile Turret  
  144  10:10  Missile Turret x2  
  144  10:11  Missile Turret  
  145  10:14  SCV, Missile Turret  
  145  10:15  Missile Turret  
  145  10:16  Marine x4  
  145  10:19  Cyclone  
  152  10:26  SCV, Medivac  
  155  10:33  Armory  
  155  10:34  Marine x4  
  159  10:38  SCV  
  159  10:41  Refinery  
  160  10:45  Refinery  
  160  10:52  Marine x4  
  164  11:06  Starport  
  164  11:09  Marine  
  164  11:10  Marine x3  
  168  11:13  Starport  
  168  11:16  Starport  
  168  11:19  SCV  
  168  11:20  Starport  
  168  11:25  Terran Infantry Armor Level 2  
  169  11:26  Terran Infantry Weapons Level 2  
  169  11:27  Marine x2  
  169  11:28  Marine  
  172  11:36  Supply Depot  
  172  11:38  Supply Depot x2  
  172  11:40  Supply Depot  
  172  11:41  Supply Depot  
  172  11:46  Marine x4, SCV  
  177  11:57  Barracks  
  177  11:58  SCV  
  177  12:00  Barracks  
  178  12:03  Barracks  
  178  12:04  Marine x4  
  178  12:05  Barracks  
  182  12:10  SCV  
  183  12:21  Marine x4  
  183  12:22  SCV  
  180  12:39  Marine x2  
  182  12:56  Barracks Reactor  
  182  12:57  Barracks Reactor  
  182  13:09  Barracks Reactor  
  182  13:11  Barracks Reactor  
  182  13:42  Terran Infantry Armor Level 3  
  182  13:43  Terran Infantry Weapons Level 3  
  182  13:45  Command Center  
  182  13:49  SCV  
  183  14:01  SCV  
  184  14:03  Marine x4  
  184  14:04  Marine x8  
  184  14:07  Medivac  
  198  14:13  SCV  
  199  14:21  Marine  
  200  14:37  Marine x7, Medivac  
  200  14:38  Marine  
  177  15:06  Medivac  
  177  15:17  Marine  
  177  15:18  Marine x8  
  177  15:19  Marine x3  
  189  15:35  Marine x2  
  189  15:36  Marine x7, Medivac  
  199  16:07  Marine x6  
  199  16:08  Marine x6  
Tags
 
Add a new tag
Caveats
  • Supply blocks, unpowered buildings, or Contaminate may cause inaccurate times.
  • Supply counts are checked every 10 seconds.